EL
BOWIE BAYSOX @ FRISCO ROUGHRIDERS
08/09/2047
 
TOP OF THE 1ST
Bowie Baysox batting - Pitching for Frisco RoughRiders : RHP Jeff Kidd
Pitching: RHP Jeff Kidd
Batting: LHB Tsutomu Miyahara 0-0: Ground out 4-3 (Groundball, 4, EV 81.9 MPH)
Batting: LHB Ben Goldstein 0-0: SINGLE (Flyball, 56D, EV 84.4 MPH)
Batting: RHB Muneer Maudad 0-0: 2-RUN HOME RUN (Flyball, 7D, EV 96.9 MPH), Distance : 384 ft
Batting: RHB Kory Sanchez 0-0: Ball
1-0: Foul Ball, location: 2F
1-1: Ball
2-1: Foul Ball, location: 2F
2-2: Ground out 6-3 (Groundball, 6, EV 90.6 MPH)
Batting: LHB Matt Patnaude 0-0: Called Strike
0-1: Foul Ball, location: 2F
0-2: Foul Ball, location: 2F
0-2: Strikes out swinging
Top of the 1st over - 2 runs, 2 hits, 0 errors, 0 left on base; Bowie 2 - Frisco 0
BOTTOM OF THE 1ST
Frisco RoughRiders batting - Pitching for Bowie Baysox : RHP Sam Wilson
Pitching: RHP Sam Wilson
Batting: RHB Danny Murillo 0-0: Called Strike
0-1: Ball
1-1: Called Strike
1-2: SINGLE (Line Drive, 4MD, EV 100.0 MPH)
Batting: LHB Chris Moody 0-0: Ball
Danny Murillo steals 2nd, throwing error, E2
Danny Murillo to third
1-0: Ball
2-0: Ball
3-0: Base on Balls
Batting: LHB Manuel Arguello 0-0: Fly out, F9 (Flyball, 9, EV 90.0 MPH)
Runner from 3rd tags up, SCORES, throw by RF
Batting: LHB Yasahiko Teshima 0-0: Ball
1-0: Called Strike
Chris Moody steals 2nd base (no throw)
1-1: Called Strike
Chris Moody steals 3rd base
1-2: Ground out 6-3 (Groundball, 4M, EV 103.8 MPH)
Chris Moody scores
Batting: RHB Jason Keller 0-0: Ball
1-0: Ball
2-0: Ball
3-0: Base on Balls
Batting: LHB Mike Sammons 0-0: Ball
Jason Keller is caught stealing 2nd base 2-6
Bottom of the 1st over - 2 runs, 1 hit, 1 error, 0 left on base; Bowie 2 - Frisco 2
TOP OF THE 2ND
Bowie Baysox batting - Pitching for Frisco RoughRiders : RHP Jeff Kidd
Batting: RHB Edwin Ramos 0-0: Ball
1-0: Foul Ball, location: 2F
1-1: Called Strike
1-2: Strikes out swinging
Batting: RHB Travis Carter 0-0: Foul Ball, location: 2F
0-1: Ball
1-1: Ball
2-1: Ball
3-1: DOUBLE (Groundball, 5L, EV 108.8 MPH)
Batting: RHB Ken Jenkins 0-0: Called Strike
0-1: Ball
1-1: Foul Ball, location: 2F
1-2: Ball
2-2: Strikes out swinging
Batting: RHB Jordan Wallace 0-0: Foul Ball, location: 2F
0-1: Ball
1-1: Ball
2-1: Swinging Strike
2-2: SINGLE (Groundball, 15, EV 75.6 MPH) (infield hit)
Travis Carter to third
Batting: LHB Tsutomu Miyahara 0-0: Ball
1-0: Foul Ball, location: 2F
1-1: Ball
2-1: Foul Ball, location: 2F
2-2: Strikes out swinging
Top of the 2nd over - 0 runs, 2 hits, 0 errors, 2 left on base; Bowie 2 - Frisco 2
BOTTOM OF THE 2ND
Frisco RoughRiders batting - Pitching for Bowie Baysox : RHP Sam Wilson
Batting: LHB Mike Sammons 0-0: Called Strike
0-1: Called Strike
0-2: Ball
1-2: SOLO HOME RUN (Flyball, 9D, EV 99.4 MPH), Distance : 385 ft
Batting: RHB Chris Torlak 0-0: Ball
1-0: Ball
2-0: Ball
3-0: Base on Balls
Batting: SHB Isaiah Cherry 0-0: Ball
1-0: Called Strike
Pickoff Throw to First - Error! E1
Chris Torlak to second
1-1: Ball
2-1: Hit by Pitch
Batting: RHB Reilly Hawkins 0-0: Foul Ball, location: 2F
0-1: Called Strike
Chris Torlak steals 3rd, throwing error, E2
Chris Torlak scores
Isaiah Cherry to third
0-2: Strikes out swinging
Batting: RHB Danny Murillo 0-0: Ball
Wild Pitch!
Isaiah Cherry scores
1-0: Ball
2-0: Ball
3-0: Foul Ball, location: 2F
3-1: Base on Balls
Batting: LHB Chris Moody 0-0: Ball
Danny Murillo steals 2nd base
1-0: Foul Ball, location: 2F
1-1: Ground out U3 (Groundball, 3S, EV 67.5 MPH)
Danny Murillo to third
Batting: LHB Manuel Arguello 0-0: Called Strike
0-1: Foul Ball, location: 2F
0-2: Foul Ball, location: 2F
0-2: Ground out 5-3 (Groundball, 56, EV 97.5 MPH)
Bottom of the 2nd over - 3 runs, 1 hit, 2 errors, 1 left on base; Bowie 2 - Frisco 5
TOP OF THE 3RD
Bowie Baysox batting - Pitching for Frisco RoughRiders : RHP Jeff Kidd
Batting: LHB Ben Goldstein 0-0: Ball
1-0: SINGLE (Flyball, 89S, EV 88.1 MPH)
Batting: RHB Muneer Maudad 0-0: Ball
1-0: Fly out, F8 (Flyball, 8RXD, EV 90.0 MPH)
Batting: RHB Kory Sanchez 0-0: Called Strike
0-1: Called Strike
0-2: Fly out, F7 (Line Drive, 7S, EV 84.4 MPH)
Batting: LHB Matt Patnaude 0-0: Called Strike
0-1: Foul Ball, location: 2F
0-2: Foul Ball, location: 2F
0-2: Ball
1-2: Ball
2-2: Fly out, F8 (Flyball, 89XD, EV 93.8 MPH)
Top of the 3rd over - 0 runs, 1 hit, 0 errors, 1 left on base; Bowie 2 - Frisco 5
BOTTOM OF THE 3RD
Frisco RoughRiders batting - Pitching for Bowie Baysox : RHP Sam Wilson
Batting: LHB Yasahiko Teshima 0-0: Foul Ball, location: 2F
0-1: Foul Ball, location: 2F
0-2: Foul Ball, location: 2F
0-2: SOLO HOME RUN (Flyball, 9LD, EV 92.5 MPH), Distance : 340 ft
Batting: RHB Jason Keller 0-0: Ball
1-0: Called Strike
1-1: Fly out, F9 (Flyball, 9, EV 96.9 MPH)
Batting: LHB Mike Sammons 0-0: Called Strike
0-1: Ball
1-1: Foul Ball, location: 2F
1-2: Ball
2-2: Ground out 3-1 (Groundball, 34, EV 82.5 MPH)
Pitching: LHP Ace Ventura
Batting: RHB Chris Torlak 0-0: Ball
1-0: Swinging Strike
1-1: Foul Ball, location: 2F
1-2: Strikes out swinging, 2-3 out at first.
Bottom of the 3rd over - 1 run, 1 hit, 0 errors, 0 left on base; Bowie 2 - Frisco 6
TOP OF THE 4TH
Bowie Baysox batting - Pitching for Frisco RoughRiders : RHP Jeff Kidd
Batting: RHB Edwin Ramos 0-0: Swinging Strike
0-1: Foul Ball, location: 2F
0-2: Fly out, F4 (Popup, 4D, EV 42.5 MPH)
Batting: RHB Travis Carter 0-0: Ball
1-0: Ball
2-0: Called Strike
2-1: Foul Ball, location: 2F
2-2: Strikes out looking
Batting: RHB Ken Jenkins 0-0: Called Strike
0-1: Called Strike
0-2: Strikes out looking
Top of the 4th over - 0 runs, 0 hits, 0 errors, 0 left on base; Bowie 2 - Frisco 6
BOTTOM OF THE 4TH
Frisco RoughRiders batting - Pitching for Bowie Baysox : LHP Ace Ventura
Batting: SHB Isaiah Cherry 0-0: Ball
1-0: Ground out 3-1 (Groundball, 13, EV 90.0 MPH)
Batting: RHB Reilly Hawkins 0-0: Called Strike
0-1: Foul Ball, location: 2F
0-2: SINGLE (Line Drive, 4MD, EV 99.4 MPH)
Batting: RHB Danny Murillo 0-0: Called Strike
0-1: Ball
1-1: Swinging Strike
1-2: Strikes out swinging
Reilly Hawkins is caught stealing 2nd base 2-4
Batter strikes out.
Bottom of the 4th over - 0 runs, 1 hit, 0 errors, 0 left on base; Bowie 2 - Frisco 6
TOP OF THE 5TH
Bowie Baysox batting - Pitching for Frisco RoughRiders : RHP Jeff Kidd
Batting: RHB Jordan Wallace 0-0: SINGLE (Flyball, 56D, EV 96.9 MPH)
Batting: LHB Tsutomu Miyahara 0-0: Called Strike
0-1: Ball
1-1: Fly out, F9 (Flyball, 89S, EV 75.6 MPH)
Batting: LHB Ben Goldstein 0-0: Ball
1-0: Foul Ball, location: 2F
1-1: Fly out, F7 (Line Drive, 78M, EV 89.4 MPH)
Batting: RHB Muneer Maudad 0-0: Ball
1-0: Ball
2-0: Swinging Strike
2-1: Ball
3-1: Foul Ball, location: 2F
3-2: Base on Balls
Jordan Wallace to second
Batting: RHB Kory Sanchez 0-0: Fly out, F8 (Line Drive, 89M, EV 88.8 MPH)
Top of the 5th over - 0 runs, 1 hit, 0 errors, 2 left on base; Bowie 2 - Frisco 6
BOTTOM OF THE 5TH
Frisco RoughRiders batting - Pitching for Bowie Baysox : LHP Ace Ventura
Batting: LHB Chris Moody 0-0: Swinging Strike
0-1: Foul Ball, location: 2F
0-2: Foul Ball, location: 2F
0-2: Strikes out swinging
Batting: LHB Manuel Arguello 0-0: Ball
1-0: Called Strike
1-1: Ball
2-1: SINGLE (Line Drive, 8LS, EV 102.5 MPH)
Batting: LHB Yasahiko Teshima 0-0: Ball
1-0: Called Strike
1-1: Ball
2-1: Called Strike
2-2: Fly out, F5 (Popup, 25F, EV 89.4 MPH)
Batting: RHB Jason Keller 0-0: Ball
Wild Pitch!
Manuel Arguello to second
1-0: Ground out 4-3 (Groundball, 4M, EV 90.0 MPH)
Bottom of the 5th over - 0 runs, 1 hit, 0 errors, 1 left on base; Bowie 2 - Frisco 6
TOP OF THE 6TH
Bowie Baysox batting - Pitching for Frisco RoughRiders : RHP Jeff Kidd
Batting: LHB Matt Patnaude 0-0: Called Strike
0-1: Called Strike
0-2: Foul Ball, location: 2F
0-2: Strikes out looking
Batting: RHB Edwin Ramos 0-0: Ball
1-0: Called Strike
1-1: Ground out U3 (Groundball, 13, EV 88.1 MPH)
Batting: RHB Travis Carter 0-0: Ball
1-0: Ball
2-0: Fly out, F9 (Flyball, 9S, EV 90.0 MPH)
Top of the 6th over - 0 runs, 0 hits, 0 errors, 0 left on base; Bowie 2 - Frisco 6
BOTTOM OF THE 6TH
Frisco RoughRiders batting - Pitching for Bowie Baysox : LHP Ace Ventura
Batting: LHB Mike Sammons 0-0: Ball
1-0: Ball
2-0: Ball
3-0: Called Strike
3-1: Base on Balls
Batting: RHB Chris Torlak 0-0: Ball
1-0: SINGLE (Line Drive, 7LS, EV 101.9 MPH)
Mike Sammons to second
Batting: SHB Isaiah Cherry 0-0: Called Strike
0-1: Ball
1-1: Called Strike
1-2: Strikes out swinging
Batting: RHB Reilly Hawkins 0-0: Ball
1-0: Called Strike
1-1: Ball
2-1: Fly out, F9 (Flyball, 9, EV 85.0 MPH)
Batting: RHB Danny Murillo 0-0: Called Strike
0-1: Swinging Strike
0-2: Ball
1-2: Strikes out swinging
Bottom of the 6th over - 0 runs, 1 hit, 0 errors, 2 left on base; Bowie 2 - Frisco 6
TOP OF THE 7TH
Bowie Baysox batting - Pitching for Frisco RoughRiders : RHP Jeff Kidd
Batting: RHB Ken Jenkins 0-0: SINGLE (Groundball, 4M, EV 105.0 MPH) (infield hit)
Batting: RHB Jordan Wallace 0-0: Ball
Ken Jenkins steals 2nd base
1-0: Fly out, F7 (Flyball, 7, EV 81.2 MPH)
Batting: LHB Tsutomu Miyahara 0-0: Swinging Strike
0-1: Ball
1-1: Ball
2-1: SINGLE (Groundball, 34D, EV 99.4 MPH)
Ken Jenkins to third
Runner from 3rd tries for Home, SAFE, throw by RF to home
Batting: LHB Ben Goldstein 0-0: SINGLE (Line Drive, 78S, EV 105.6 MPH)
Tsutomu Miyahara to second
Batting: RHB Muneer Maudad 0-0: DOUBLE (Flyball, 78XD, EV 91.2 MPH)
Tsutomu Miyahara scores
Ben Goldstein to third
Batting: RHB Kory Sanchez 0-0: SINGLE (Line Drive, 89S, EV 97.5 MPH)
Ben Goldstein scores
Muneer Maudad to third
Batting: LHB Matt Patnaude 0-0: Ball
1-0: Fly out, F7 (Line Drive, 78M, EV 84.4 MPH)
Pinch Hitting: SHB Ben Pierce 0-0: Ball
1-0: Ball
2-0: Ball
3-0: Called Strike
3-1: DOUBLE (Flyball, 89XD, EV 90.6 MPH)
Muneer Maudad scores
Kory Sanchez to third
Runner from 3rd tries for Home, SAFE, throw by RF to home
Pitching: RHP Marc Duncan
Batting: RHB Travis Carter 0-0: Foul Ball, location: 2F
0-1: Ball
1-1: Ball
2-1: Called Strike
2-2: Foul Ball, location: 2F
2-2: Strikes out swinging
Top of the 7th over - 5 runs, 6 hits, 0 errors, 1 left on base; Bowie 7 - Frisco 6
BOTTOM OF THE 7TH
Frisco RoughRiders batting - Pitching for Bowie Baysox : LHP Ace Ventura
Pitching: RHP Shane Kruger
Now at 1B: Raul Rojas
Batting: LHB Chris Moody 0-0: Ball
1-0: Foul Ball, location: 2F
1-1: Ball
2-1: Ground out 5-3 (Groundball, 56, EV 78.8 MPH)
Batting: LHB Manuel Arguello 0-0: Called Strike
0-1: Ball
1-1: Called Strike
1-2: Ball
2-2: Fly out, F8 (Line Drive, 78M, EV 92.5 MPH)
Batting: LHB Yasahiko Teshima 0-0: Ball
1-0: SINGLE (Flyball, 78S, EV 91.2 MPH)
Batting: RHB Jason Keller 0-0: Ball
Yasahiko Teshima steals 2nd base
1-0: Foul Ball, location: 2F
1-1: SINGLE (Groundball, 56D, EV 103.1 MPH)
Yasahiko Teshima to third
Runner from 3rd tries for Home, SAFE, throw by LF to home
Batting: LHB Mike Sammons 0-0: Ball
Jason Keller steals 2nd base
1-0: Ball
2-0: Ball
3-0: Ground out 6-3 (Groundball, 4M, EV 107.5 MPH)
Bottom of the 7th over - 1 run, 2 hits, 0 errors, 1 left on base; Bowie 7 - Frisco 7
TOP OF THE 8TH
Bowie Baysox batting - Pitching for Frisco RoughRiders : RHP Marc Duncan
Batting: RHB Ken Jenkins 0-0: Reached via error on a dropped throw from 3B, E3 (Groundball, 56, EV 83.8 MPH)
Batting: RHB Jordan Wallace 0-0: Sac Bunt to 25 - play at first, batter OUT! 5-3
Ken Jenkins to second
Batting: LHB Tsutomu Miyahara 0-0: Called Strike
0-1: Ball
Ken Jenkins steals 3rd base
1-1: Foul Ball, location: 2F
1-2: Foul Ball, location: 2F
1-2: Foul Ball, location: 2F
1-2: SINGLE (Groundball, 4D, EV 96.2 MPH)
Ken Jenkins scores
Batting: LHB Ben Goldstein 0-0: Ball
1-0: Ball
2-0: Ball
3-0: Base on Balls
Tsutomu Miyahara to second
Batting: RHB Muneer Maudad 0-0: Called Strike
0-1: Foul Ball, location: 2F
0-2: Ball
1-2: Ball
2-2: Ball
3-2: Base on Balls
Tsutomu Miyahara to third
Ben Goldstein to second
Batting: RHB Kory Sanchez 0-0: Ball
1-0: Called Strike
1-1: Foul Ball, location: 2F
1-2: Ball
2-2: Ball
3-2: Foul Ball, location: 2F
3-2: Base on Balls
Tsutomu Miyahara scores
Ben Goldstein to third
Muneer Maudad to second
Batting: LHB Matt Patnaude 0-0: Foul Ball, location: 2F
0-1: Swinging Strike
0-2: Strikes out swinging
Batting: LHB Raul Rojas 0-0: SINGLE (Groundball, 56D, EV 100.6 MPH)
Ben Goldstein scores
Muneer Maudad to third
Kory Sanchez to second
Batting: RHB Travis Carter 0-0: Ball
1-0: Called Strike
1-1: Foul Ball, location: 2F
1-2: Ball
2-2: Strikes out swinging
Top of the 8th over - 3 runs, 2 hits, 1 error, 3 left on base; Bowie 10 - Frisco 7
BOTTOM OF THE 8TH
Frisco RoughRiders batting - Pitching for Bowie Baysox : RHP Shane Kruger
Batting: RHB Chris Torlak 0-0: Foul Ball, location: 2F
0-1: Ball
1-1: Ball
2-1: Fly out, F8 (Line Drive, 8RM, EV 103.1 MPH)
Batting: SHB Isaiah Cherry 0-0: Swinging Strike
0-1: Called Strike
0-2: Ball
1-2: Fly out, F6 (Popup, 15S, EV 82.5 MPH)
Batting: RHB Reilly Hawkins 0-0: Called Strike
0-1: Ball
1-1: Called Strike
1-2: Ball
2-2: Strikes out swinging
Bottom of the 8th over - 0 runs, 0 hits, 0 errors, 0 left on base; Bowie 10 - Frisco 7
TOP OF THE 9TH
Bowie Baysox batting - Pitching for Frisco RoughRiders : RHP Marc Duncan
Pitching: RHP El-Shamy Saami
Batting: RHB Ken Jenkins 0-0: Called Strike
0-1: Fly out, F7 (Flyball, 7D, EV 91.9 MPH)
Batting: RHB Jordan Wallace 0-0: Ball
1-0: Fly out, F8 (Flyball, 8LD, EV 94.4 MPH)
Batting: LHB Tsutomu Miyahara 0-0: Ball
1-0: Ball
2-0: Swinging Strike
2-1: Ball
3-1: Foul Ball, location: 2F
3-2: Base on Balls
Batting: LHB Ben Goldstein 0-0: Called Strike
0-1: Ball
1-1: Foul Ball, location: 2F
1-2: Strikes out swinging
Top of the 9th over - 0 runs, 0 hits, 0 errors, 1 left on base; Bowie 10 - Frisco 7
BOTTOM OF THE 9TH
Frisco RoughRiders batting - Pitching for Bowie Baysox : RHP Shane Kruger
Pitching: RHP Craig Potter
Batting: RHB Danny Murillo 0-0: Swinging Strike
0-1: Called Strike
0-2: Strikes out swinging
Batting: LHB Chris Moody 0-0: Ball
1-0: Called Strike
1-1: Ball
2-1: Foul Ball, location: 2F
2-2: Strikes out swinging
Batting: LHB Manuel Arguello 0-0: Ball
1-0: Foul Ball, location: 2F
1-1: Ball
2-1: Foul Ball, location: 2F
2-2: Foul Ball, location: 2F
2-2: Ball
3-2: Base on Balls
Batting: LHB Yasahiko Teshima 0-0: Ball
1-0: Fly out, F7 (Flyball, 7D, EV 104.4 MPH)
Bottom of the 9th over - 0 runs, 0 hits, 0 errors, 1 left on base; Bowie 10 - Frisco 7
Thursday, December 15th , 2022 - OOTP Baseball 23.9 Build 102